 Dungeon Crawl Stone Soup version 0.29-a0-1023-g6ae1a4a2c7 (webtiles) character file.

Game seed: 8136155732064741128

105135 spiderkeys the Nimble (level 16, -1/117 HPs)
             Began as an Octopode Monk on Aug 10, 2022.
             Was the Champion of Cheibriados.
             Killed from afar by a naga mage (13 damage)
             ... with a bolt of poison
             ... on level 1 of the Snake Pit on Aug 11, 2022.
             The game lasted 01:25:46 (28041 turns).

spiderkeys the Nimble (Octopode Monk)              Turns: 28041, Time: 01:25:47

Health: -1/117     AC:  8    Str: 35    XL:     16   Next: 40%
Magic:  12/40      EV: 35    Int: 31    God:    Cheibriados [******]
Gold:   1937       SH: 17    Dex: 43    Spells: 6/25 levels left

rFire   + . .      SeeInvis .   u - +6 dagger of Itynt {spect, rC+ rCorr Int-3 Dex+6}
rCold   + + .      Faith    .   A - +3 buckler {rF+}
rNeg    . . .      Spirit   .   a - +3 hat of Pondering {ponderous, Will+ MP+10 Int+5}
rPois   .          Reflect  +   V - amulet of reflection
rElec   +          Harm     .   W - ring of magical power
rCorr   +          Rampage  .   O - +4 ring of protection
Will    +++..                   y - ring of willpower
Stlth   ++++++....              L - ring of flight
HPRegen 0.29/turn               R - ring "Suxtu" {Fire +Blink rElec rCorr Dex+2}
MPRegen 0.27/turn               c - ring of protection from cold
                                Z - ring of wizardry
                                F - ring of Goitt {Ice Str+7 Int+2}

@: lethally poisoned (-1 -> -19), flying, slightly contaminated, slowed, very
slow
A: almost no armour, amphibious, 8 rings, camouflage 1, gelatinous body 1,
(nimble swimmer 1), tentacles, low MP 1
a: Renounce Religion, Evoke Blink, Bend Time, Temporal Distortion, Slouch, Step
From Time


You were on level 1 of the Snake Pit.
You worshipped Cheibriados.
Cheibriados was exalted by your worship.
You visited 5 branches of the dungeon, and saw 24 of its levels.
You also visited: Bailey and Ice Cave.

You collected 3128 gold pieces.
You spent 1191 gold pieces at shops.


Innate Abilities, Weirdness & Mutations

You cannot wear most types of armour.
You are amphibious.
You can wear up to eight rings at the same time.
Your skin changes colour to match your surroundings (Stealth+).
Your rubbery body absorbs attacks. (AC +1, EV +1)
((You are camouflaged when in or above water. (Stealth+)))
You have tentacles for arms and can constrict up to eight enemies at once.
Your magical capacity is low. (-10% MP)


   Skills:
 - Level 13.0 Fighting
 - Level 12.0 Long Blades
 + Level 13.9 Dodging
 - Level 6.2 Stealth
 - Level 5.0 Shields
 + Level 5.1 Spellcasting
 - Level 8.0 Conjurations
 - Level 3.0 Summonings
 - Level 5.0 Translocations
 * Level 11.7 Transmutations
 - Level 10.2 Invocations
 - Level 1.2 Evocations


You had 6 spell levels left.
You knew the following spells:

 Your Spells              Type           Power      Damage    Failure   Level
c - Call Canine Familiar  Summ           26%        N/A       2%          3
d - Dragon Form           Tmut           34%        N/A       19%         7
i - Iskenderun's Mystic   Conj/Tloc      48%        2d11      1%          4
I - Irradiate             Conj/Tmut      31%        3d22      1%          5

Your spell library contained the following spells:

 Spells                   Type           Power      Damage    Failure   Level
 Beastly Appendage        Tmut           100%       N/A       1%          1
 Summon Small Mammal      Summ           100%       N/A       1%          1
 Passwall                 Tmut/Erth      36%        N/A       1%          2
 Searing Ray              Conj           100%       2d8       1%          2
 Wereblood                Tmut           69%        N/A       1%          2
 Conjure Flame            Conj/Fire      49%        6-21      1%          3
 Dazzling Flash           Conj/Hex       64%        N/A       1%          3
 Ignite Poison            Fire/Tmut/Pois 48%        N/A       1%          3
 Spider Form              Tmut/Pois      44%        N/A       1%          3
 Stone Arrow              Conj/Erth      64%        3d11      1%          3
 Blade Hands              Tmut           34%        N/A       1%          5
 Sandblast                Erth           14%        2d6       2%          1
 Mephitic Cloud           Conj/Pois/Air  24%        N/A       2%          3
 Portal Projectile        Hex/Tloc       46%        N/A       3%          3
 Summon Guardian Golem    Hex/Summ       17%        N/A       4%          3
 Tukima's Dance           Hex            7%         N/A       9%          3
 Freezing Cloud           Conj/Ice/Air   18%        6-21      26%         5
 Conjure Ball Lightning   Conj/Air       16%        3x3d6     58%         6
 Starburst                Conj/Fire      24%        6d8       58%         6
 Ignition                 Fire           5%         3d4       100%        8

Inventory:

Hand Weapons
 m - the +10 dagger of Starshine {antimagic, rN++ Int-5}
   (You took it off a goblin on level 2 of the Dungeon)

   It reduces the magical energy of the wielder, and disrupts the spells and
   magical abilities of those it strikes.
   Natural abilities and divine invocations are not affected.
   Int:       It affects your intelligence (-5).
   rN:        It greatly protects you from negative energy.
 u - the +6 dagger of Itynt (weapon) {spect, rC+ rCorr Int-3 Dex+6}
   (You found it on level 4 of the Dungeon)

   When its wielder attacks, the weapon's spirit leaps out and strikes again.
   The spirit shares a part of any damage it takes with its wielder.
   Int:       It affects your intelligence (-3).
   Dex:       It affects your dexterity (+6).
   rC:        It protects you from cold.
   rCorr:     It protects you from acid and corrosion.
 M - a +0 scimitar
   (You took it off an orc warrior on level 11 of the Dungeon)
Missiles
 h - 35 boomerangs (quivered)
 t - 76 poisoned darts
 K - 3 silver boomerangs
 P - 4 javelins
 U - 9 curare-tipped darts {=f}
Armour
 a - the +3 hat of Pondering (worn) {ponderous, Will+ MP+10 Int+5}
   (You took it off Gastronok on level 1 of the Lair of Beasts)

   Int:       It affects your intelligence (+5).
   MP:        It affects your magic capacity (+10).
   Will:      It increases your willpower.
 A - a +3 buckler of fire resistance (worn)
   (You took it off a tengu warrior on level 13 of the Dungeon)
Jewellery
 c - a ring of protection from cold (on tentacle)
   (You found it on level 10 of the Dungeon)
 w - a ring of magical power
   (You found it on level 15 of the Dungeon)
 y - a ring of willpower (on tentacle)
   (You found it on level 6 of the Dungeon)
 C - a ring of protection from cold
   (You found it in an ice cave)
 F - the ring of Goitt (on tentacle) {Ice Str+7 Int+2}
   (You found it in an ice cave)

   [ring of ice]

   It enhances your ice magic.
   Str:       It affects your strength (+7).
   Int:       It affects your intelligence (+2).
   rF:        It makes you vulnerable to fire.
   rC:        It protects you from cold.
 L - a ring of flight (on tentacle)
   (You found it on level 6 of the Dungeon)
 O - a +4 ring of protection (right tentacle)
   (You bought it in a shop on level 2 of the Orcish Mines)
 R - the ring "Suxtu" (on tentacle) {Fire +Blink rElec rCorr Dex+2}
   (You bought it in a shop on level 2 of the Orcish Mines)

   [ring of fire]

   It enhances your fire magic.
   Dex:       It affects your dexterity (+2).
   rF:        It protects you from fire.
   rC:        It makes you vulnerable to cold.
   rElec:     It insulates you from electricity.
   +Blink:    It lets you blink.
   rCorr:     It protects you from acid and corrosion.
 V - an amulet of reflection (around mantle)
   (You found it on level 5 of the Lair of Beasts)
 W - a ring of magical power (left tentacle)
   (You found it on level 2 of the Dungeon)
 Z - a ring of wizardry (on tentacle)
   (You found it on level 10 of the Dungeon)
Wands
 k - a wand of light (4)
   (You found it on level 15 of the Dungeon)
 v - a wand of polymorph (1)
   (You found it on level 8 of the Dungeon)
 x - a wand of paralysis (1)
   (You found it on level 7 of the Dungeon)
 J - a wand of iceblast (5)
   (You found it on level 3 of the Lair of Beasts)
 Q - a wand of flame (10)
   (You found it on level 9 of the Dungeon)
 Y - a wand of mindburst (25)
   (You found it on level 11 of the Dungeon)
Scrolls
 d - 6 scrolls of amnesia
 e - 2 scrolls of immolation {!r!r}
 i - 7 scrolls of enchant weapon
 l - 2 scrolls of torment {!r}
 n - 2 scrolls of enchant armour
 q - 7 scrolls of fog
 r - 2 scrolls of blinking {!r}
 s - a scroll of vulnerability {!r!r}
 B - 4 scrolls of teleportation {@r4}
 E - 5 scrolls of poison {!r}
 T - 2 scrolls of fear
Potions
 b - a potion of ambrosia
 g - 3 potions of attraction {!q}
 j - 3 potions of lignification {!q}
 o - 4 potions of cancellation
 p - 4 potions of flight
 z - 2 potions of heal wounds {@q2}
 D - 11 potions of might
 G - 7 potions of mutation {!q}
 H - 2 potions of magic
 I - 5 potions of resistance
 N - 3 potions of invisibility
 S - 6 potions of curing {@q1}
 X - 2 potions of brilliance

Dungeon Overview and Level Annotations

Branches:
Dungeon (15/15) Zot: 37642  Temple (1/1) D:4 Zot: 8926    Lair (5/5) D:9 Zot: 32828
 Shoals (0/4) Lair:2        Snake (1/4) Lair:2 Zot: 8884   Slime (0/5) Lair:5
    Orc (2/2) D:11 Zot: 15050     Elf (0/3) Orc:2        Vaults (0/5) D:14
 Depths (0/4) D:15         Bailey (visited)           IceCv (visited)

Altars:
Cheibriados
Dithmenos
Elyvilon
Fedhas
Gozag
Kikubaaqudgha
Nemelex Xobeh
Okawaru
Qazlal
Ru
Sif Muna
Trog
Vehumet
Xom
The Shining One
Jiyva

Shops:
Orc:2 ?*=?

Annotations:
D:8 4 transporters
D:13 2 transporters, Jorgrun; frimble's ghost, journeyman DsEE
Lair:1 2 transporters, siradein's ghost, journeyman DgEE
Lair:4 Rupert
Lair:5 1 runed translucent door, exclusion: obsidian statue

####### # ###.....### ..
#......[..# ...
########.........# ....
#.##.##..........#
#...##>.........##....#
#....)โ€ ........###....
#..)N@.........###....
#....)ยง.........##.....
.....#.........<..)....#
.... ##................#
... ##..##.#......##.#
.. ########..).##### .
######


You could see a naga mage (fast, misshapen).


Message History

The naga ritualist is blasted with magical radiation!!
The naga ritualist twists and deforms.
You feel very sick. The naga mage misses you.
The naga mage spits poison at you. The splash of poison misses you.
You block the naga ritualist's attack. The naga ritualist barely misses you.
The naga mage casts a spell at the naga mage.
The naga mage seems to grow toxic.
The naga mage completely misses you. ๐Ÿ˜ฎ HP[-3] MP[-5]
You take 3 damage, and now have 83/117 hp.
You lost 5 mp, and now have 14/40 mp.
You puncture the naga ritualist!
Your +6 dagger of Itynt {spect, rC+ rCorr Int-3 Dex+6} hits the naga ritualist!
You feel very sick.
The naga mage hits you from afar with a +0 spear!
You block the naga mage's attack. You block the naga ritualist's attack.
The naga ritualist completely misses you. ๐Ÿ˜ฎ HP[-13] MP[+1]
You take 13 damage, and now have 70/117 hp.
You puncture the naga ritualist!
You kill the naga ritualist!
Cheibriados appreciates the change of pace.
You feel sick. The naga mage spits poison at you.
The splash of poison misses you. The naga mage misses you.
You feel very sick. The naga mage completely misses you.
You block the naga mage's attack.
The naga mage gestures at you while chanting.
The bolt of poison misses you. The naga mage spits poison at you.
The splash of poison hits you!
You are more poisoned.
You have difficulty breathing.
You feel yourself slow down.
* * * LOW HITPOINT WARNING * * *
The naga mage barely misses you. You block the naga mage's attack.
The naga mage casts a spell at you. The bolt of poison misses you.
You block the naga mage's attack. The naga mage grabs you.
The naga mage constricts you.
Things that are here:
a +0 hand axe; a naga corpse; ๐Ÿ˜จ HP[-20]
You take 20 damage, and now have 50/117 hp.
You hit the naga mage. Your squeeze misses the naga mage.
Your +6 dagger of Itynt {spect, rC+ rCorr Int-3 Dex+6} barely misses the naga mage.
You feel very sick. The naga mage completely misses you.
You block the naga mage's attack. The naga mage constricts you.
* * * LOW HITPOINT WARNING * * *
The naga mage spits poison at you. The splash of poison hits you!
You are more poisoned.
You have difficulty breathing.
* * * LOW HITPOINT WARNING * * *
You feel as though you will be slow longer.
* * * LOW HITPOINT WARNING * * *
๐Ÿ˜ฑ HP[-23] MP[+1]
You take 23 damage, and now have 27/117 hp.
Unknown command.
You feel better. The naga mage spits poison at you.
The splash of poison reflects off an invisible shield around you!
The splash of poison hits the naga mage.
The naga mage constricts you.
* * * LOW HITPOINT WARNING * * *
You block the naga mage's attack. The naga mage misses you.
The naga mage constricts you.
* * * LOW HITPOINT WARNING * * *
The naga mage spits poison at you.
The splash of poison misses you. ๐Ÿ˜ฑ HP[+2]
You regained 2 hp, and now have 29/117 hp.
You hit the naga mage but do no damage. Your squeeze misses the naga mage.
Your +6 dagger of Itynt {spect, rC+ rCorr Int-3 Dex+6} hits the naga mage but does no damage.
The naga mage points at you and mumbles some strange words.
The bolt of poison hits you!
You are poisoned.
* * * LOW HITPOINT WARNING * * *
The naga mage constricts you.
* * * LOW HITPOINT WARNING * * *
The naga mage completely misses you. x2; The naga mage constricts you.
* * * LOW HITPOINT WARNING * * *
๐Ÿ˜ฑ HP[-15]
You take 15 damage, and now have 14/117 hp.
Casting: Irradiate (mildly dangerous; 1% risk of failure)
Confirm with . or Enter, or press ? or * to list all spells.
You erupt in a fountain of uncontrolled magic!
The naga mage is blasted with magical radiation!!
The naga mage twists and deforms.
The naga mage is blasted with magical radiation.
You kill the naga mage!
Cheibriados thoroughly appreciates the change of pace.
You are lightly contaminated with residual magic.
You feel very sick.
The naga mage no longer looks unusually toxic.
The naga mage casts a spell at you. The bolt of poison hits you!
You are lethally poisoned!
You die...

Skill      XL: |  1  2  3  4  5  6  7  8  9 10 11 12 13 14 15 16 |
---------------+-------------------------------------------------+-----
Stealth        | 3 4 5 6 |  6.2
Dodging        | 4 5 6 7 8 9 10 11 12 13 | 13.9
Long Blades    | 4 5 6 7 8 9 10 11 12 | 12.0
Fighting       | 4 5 6 7 8 9 10 11 12 13 | 13.0
Invocations    | 1 3 4 6 7 9 10 | 10.2
Shields        | 3 5 |  5.0
Summonings     | 3 |  3.0
Evocations     | 1 |  1.2
Conjurations   | 2 5 8 |  8.0
Translocations | 3 5 |  5.0
Transmutations | 3 7 10 11 | 11.7
Spellcasting   | 4 5 |  5.1

Action                   |  1- 3 |  4- 6 |  7- 9 | 10-12 | 13-15 | 16-18 || total
-------------------------+-------+-------+-------+-------+-------+-------++-------
Melee: Falchion          |    58 |       |       |       |       |       ||    58
       Tentacles         |     8 |    12 |    47 |   118 |   375 |    52 ||   612
       Constrict         |    14 |    14 |    63 |    84 |   114 |    21 ||   310
       Dagger            |    14 |    66 |   179 |   366 |   975 |   148 ||  1748
       Punch             |       |       |     1 |     7 |    29 |     3 ||    40
       Unarmed           |       |       |       |       |       |     9 ||     9
       Bite              |       |       |       |       |       |     2 ||     2
       Tailslap          |       |       |       |       |       |     1 ||     1
Throw: Stone             |     6 |     2 |     2 |     1 |       |       ||    11
       Boomerang         |       |     4 |     2 |    14 |   132 |     6 ||   158
       Dart              |       |     7 |    21 |    41 |    30 |       ||    99
 Cast: Call Canine Famil |       |       |       |    14 |       |       ||    14
       Iskenderun's Myst |       |       |       |       |    28 |     6 ||    34
       Irradiate         |       |       |       |       |    32 |     7 ||    39
       Dragon Form       |       |       |       |       |       |     1 ||     1
Invok: Slouch            |       |       |       |     1 |    11 |       ||    12
       Temporal Distorti |       |       |       |     1 |     1 |       ||     2
Evoke: Wand              |       |       |     6 |    19 |    25 |     5 ||    55
  Use: Scroll            |     3 |     2 |    11 |     9 |    11 |     2 ||    38
       Potion            |       |       |     1 |     4 |     4 |     2 ||    11
 Stab: Sleeping          |    13 |     7 |    24 |    17 |    21 |     5 ||    87
       Distracted        |       |     1 |     6 |    19 |    55 |     4 ||    85
       Paralysed         |       |       |     2 |       |       |     1 ||     3
Armor: Skin              |     6 |     1 |     2 |     3 |    28 |     8 ||    48
Dodge: Dodged            |    37 |    37 |   111 |   233 |   545 |   126 ||  1089
Block: Buckler           |       |       |    29 |   123 |   433 |    96 ||   681
       Reflection        |       |       |       |       |    25 |     3 ||    28
       Other             |       |       |       |       |       |     1 ||     1

Levels and vault maps discovered:
D:1:      wander_arrival_peaceful_grave, layout_basic
D:2:      layout_basic
D:3:      minmay_roachtagon, layout_basic
D:4:      layout_rooms, minmay_temple_entry_arrows, kennysheep_small_square
D:5:      layout_cave_pools, nicolae_qazlal_style_of_elements
D:6:      layout_rooms, minmay_crystal_room, kennysheep_generic_room_13
D:7:      layout_cave_pools
D:8:      layout_rooms, enter_bailey_7, st_stairs_11, nicolae_diode_quadrants
D:9:      layout_cave_pools, lair_entry_dummy, minmay_misc_feat_tiny,
          uniq_maggie
D:10:     layout_basic, nicolae_overflow_hallway_of_the_gods, special_room
          [special_room_kobold]
D:11:     layout_cave_pools, erik_orc_2
D:12:     layout_stronghold, serial_ice, serial_ice_e, serial_ice_g,
          serial_ice_a, serial_ice_o, portal_ice_cave_entry_pillars_1
D:13:     layout_cave_pools, gammafunk_ghost_smash, uniq_jorgrun
D:14:     layout_layer_cave, david_vaults_2, minivault_23
D:15:     grunt_enter_depths_giant_problem, layout_loops_corners, tso_altar,
          serial_demonic, serial_demonic_f, serial_demonic_f, serial_demonic_a,
          serial_demonic_g, serial_demonic_d, serial_demonic_f
Temple:   nicolae_temple_great_sept
Lair:1:   layout_gridlike, gammafunk_ghost_berserking_beasts,
          grunt_megastairs_3, uniq_gastronok
Lair:2:   layout_chaotic_city, elwin_shoals_entry_rooms,
          minmay_snake_entry_guardpost_medium, serial_bayou_pond_c,
          nicolae_quartered_pool_medium, lemuel_fruit_tree, serial_bayou_shore_b
Lair:3:   dreamdust_isle_of_ice, layout_loops_ring, nicolae_lair_liquid_snakes,
          infiniplex_staircase_pool
Lair:4:   gammafunk_indiana_jones, layout_cave_pods, uniq_sonja, uniq_rupert
Lair:5:   due_jungle_book, layout_layer_cave, slime_entry_2,
          chequers_serial_rivers_small_3
Snake:1:  kennysheep_six_static_rooms, layout_grid_shapes, serial_bayou_shore_a
Orc:1:    layout_diamond_mine, uniq_snorg
Orc:2:    st_orc_town, layout_caves

Notes
Turn   | Place    | Note
-------+----------+-------------------------------------------
     0 | D:1      | spiderkeys the Octopode Monk began the quest for the Orb.
     0 | D:1      | Reached XP level 1. HP: 16/16 MP: 1/1
     0 | D:1      | magus.rc [v1.11.3]
   109 | D:1      | Reached skill level 3 in Stealth
   109 | D:1      | Reached XP level 2. HP: 21/21 MP: 2/2
   352 | D:1      | Reached XP level 3. HP: 25/26 MP: 3/3
  1115 | D:2      | Identified the +10 dagger of Starshine {antimagic, rN++
                  | Int-5}
  1292 | D:2      | You add the spells Ignite Poison, Mephitic Cloud and
                  | Freezing Cloud to your library.
  1587 | D:3      | Reached XP level 4. HP: 31/31 MP: 4/4
  1666 | D:3      | You add the spells Searing Ray, Conjure Flame and Portal
                  | Projectile to your library.
  1666 | D:3      | Got the Directory of Dimensional Arcane Weapons
  2019 | D:4      | Found a staircase to the Ecumenical Temple.
  2043 | Temple   | Entered the Ecumenical Temple
  2080 | Temple   | Became a worshipper of Cheibriados the Contemplative
  2080 | Temple   | Reached * piety under Cheibriados
  2080 | Temple   | Reached ** piety under Cheibriados
  2131 | D:4      | Reached skill level 4 in Stealth
  2141 | D:4      | Reached XP level 5. HP: 34/37 MP: 4/5
  2320 | D:4      | You pick up a book of Geomancy and begin reading...
  2320 | D:4      | You add the spells Sandblast, Passwall and Stone Arrow to
                  | your library.
  2320 | D:4      | You pick up a book of Callings and begin reading...
  2320 | D:4      | You add the spells Summon Small Mammal, Call Canine
                  | Familiar and Summon Guardian Golem to your library.
  2329 | D:4      | Reached skill level 4 in Dodging
  2360 | D:4      | Noticed a black bear
  2362 | D:4      | Reached skill level 4 in Long Blades
  2366 | D:4      | Killed a black bear
  2367 | D:4      | Reached skill level 4 in Fighting
  2367 | D:4      | Reached skill level 5 in Stealth
  2367 | D:4      | Reached XP level 6. HP: 38/43 MP: 5/6
  2546 | D:4      | Identified the +6 dagger of Itynt {spect, rC+ rCorr Int-3
                  | Dex+6}
  2689 | D:5      | Entered Level 5 of the Dungeon
  2745 | D:5      | Reached skill level 1 in Invocations
  2790 | D:5      | Reached *** piety under Cheibriados
  2791 | D:5      | Reached XP level 7. HP: 46/49 MP: 8/8
  2886 | D:5      | Reached skill level 2 in Invocations
  3021 | D:5      | You fall into a shaft and drop 2 floors!
  3031 | D:7      | Identified the +6 flail of Distant Worlds {speed, Fly
                  | Int+6}
  3046 | D:7      | Reached skill level 5 in Long Blades
  3048 | D:7      | Reached skill level 5 in Dodging
  3051 | D:7      | Reached skill level 5 in Fighting
  3156 | D:6      | Reached skill level 3 in Invocations
  3158 | D:6      | Reached XP level 8. HP: 51/55 MP: 10/10
  3304 | D:6      | Identified the +10 quarterstaff of Upheaval {freeze, rPois
                  | rCorr Int-4}
  3324 | D:6      | Identified the +8 hand axe "Wuxt" {vorpal, Int+2}
  3417 | D:6      | Reached **** piety under Cheibriados
  3418 | D:6      | Reached skill level 4 in Invocations
  3549 | D:6      | Reached skill level 6 in Long Blades
  3549 | D:6      | Reached skill level 6 in Dodging
  3632 | D:6      | Reached skill level 6 in Fighting
  3834 | D:5      | Noticed an air elemental
  3836 | D:5      | Found a stormy altar of Qazlal.
  3981 | D:5      | Reached XP level 9. HP: 53/62 MP: 12/12
  4485 | D:7      | Reached skill level 1 in Shields
  4485 | D:7      | Reached skill level 5 in Invocations
  5281 | D:7      | Reached ***** piety under Cheibriados
  5282 | D:7      | Reached skill level 2 in Shields
  5538 | D:8      | Reached skill level 7 in Long Blades
  5544 | D:8      | Reached skill level 7 in Dodging
  5556 | D:8      | Reached skill level 7 in Fighting
  5605 | D:8      | Reached skill level 6 in Invocations
  5608 | D:8      | Reached skill level 3 in Shields
  5646 | D:8      | Found a flagged portal.
  5675 | Bailey   | Entered a bailey
  5839 | Bailey   | Reached XP level 10. HP: 53/71 MP: 14/14
  5962 | Bailey   | Acquired 942 gold pieces
  6407 | D:8      | Found a transporter.
  6407 | D:8      | Found a transporter.
  6409 | D:8      | Found a transporter.
  6409 | D:8      | Found a transporter.
  6654 | D:9      | Found a staircase to the Lair.
  6732 | D:9      | Noticed Maggie
  6740 | D:9      | HP: 9/71 [Maggie/+1 glaive of distortion (20)]
  6746 | D:9      | Killed Maggie
  6747 | D:9      | Reached skill level 4 in Shields
  6750 | D:9      | HP: 17/71 [steam dragon/ball of steam (24)]
  7138 | D:9      | You pick up a book of Spectacle and begin reading...
  7138 | D:9      | You add the spells Dazzling Flash, Iskenderun's Mystic
                  | Blast and Starburst to your library.
  7320 | D:8      | Reached skill level 7 in Invocations
  7330 | D:8      | Reached skill level 8 in Long Blades
  7330 | D:8      | Reached skill level 8 in Dodging
  7532 | D:9      | Reached skill level 8 in Fighting
  7853 | D:10     | Entered Level 10 of the Dungeon
  7991 | D:10     | Noticed a two-headed ogre
  8002 | D:10     | Killed a two-headed ogre
  8003 | D:10     | Reached skill level 5 in Shields
  8005 | D:10     | You pick up a book of Changes and begin reading...
  8005 | D:10     | You add the spells Beastly Appendage, Wereblood and Spider
                  | Form to your library.
  8141 | D:10     | Noticed a two-headed ogre
  8151 | D:10     | Killed a two-headed ogre
  8152 | D:10     | Reached XP level 11. HP: 67/78 MP: 16/16
  8206 | D:10     | Reached skill level 8 in Invocations
  8648 | D:10     | Reached skill level 9 in Dodging
  8662 | D:10     | Reached ****** piety under Cheibriados
  8837 | D:10     | Learned a level 3 spell: Call Canine Familiar
  8847 | D:10     | Reached skill level 9 in Long Blades
  8934 | D:10     | Found a shimmering blue altar of Sif Muna.
  8935 | D:10     | Found a sparkling altar of Nemelex Xobeh.
  8940 | D:10     | Found an ancient bone altar of Kikubaaqudgha.
  8946 | D:10     | Found a bloodstained altar of Trog.
  8946 | D:10     | Found a shimmering altar of Xom.
  8948 | D:10     | Reached skill level 9 in Fighting
  8950 | D:10     | Noticed a two-headed ogre
  8961 | D:10     | Killed a two-headed ogre
  8962 | D:10     | Reached skill level 1 in Summonings
  8962 | D:10     | Reached skill level 1 in Evocations
  9157 | D:10     | Found a shadowy altar of Dithmenos.
  9206 | D:10     | Found a radiant altar of Vehumet.
  9417 | D:11     | Reached skill level 2 in Summonings
  9617 | D:11     | Noticed a manticore
  9676 | D:11     | Noticed a four-headed hydra
  9693 | D:11     | Killed a four-headed hydra
  9841 | D:11     | Noticed a boulder beetle
  9889 | D:11     | HP: 18/80 [orc warrior/+0 glaive (17)]
  9892 | D:11     | Reached skill level 9 in Invocations
 10287 | D:11     | Noticed a two-headed ogre
 10300 | D:11     | Killed a two-headed ogre
 10301 | D:11     | Reached skill level 3 in Summonings
 10380 | D:11     | Noticed a boulder beetle
 10390 | D:11     | Killed a boulder beetle
 10391 | D:11     | Reached XP level 12. HP: 54/86 MP: 18/18
 10445 | D:10     | Killed a boulder beetle
 10661 | Lair:1   | Entered Level 1 of the Lair of Beasts
 10684 | Lair:1   | Reached skill level 10 in Dodging
 10692 | Lair:1   | Reached skill level 10 in Long Blades
 10739 | Lair:1   | Noticed Gastronok
 10739 | Lair:1   | Gastronok the Ponderous comes into view. He is wearing the
                  | +3 hat of Pondering {ponderous, Will+ MP+10 Int+5}.
 10740 | Lair:1   | Aim: Gastronok, wearing the +3 hat of Pondering {ponderous,
                  | Will+ MP+10 Int+5} (95% to hit)
 10740 | Lair:1   | Aim: Gastronok, wearing the +3 hat of Pondering {ponderous,
                  | Will+ MP+10 Int+5} (95% to hit)
 10741 | Lair:1   | Aim: Gastronok, wearing the +3 hat of Pondering {ponderous,
                  | Will+ MP+10 Int+5} (lightly wounded, very poisoned, slow,
                  | chance to affect: 0%)
 10741 | Lair:1   | Aim: Gastronok, wearing the +3 hat of Pondering {ponderous,
                  | Will+ MP+10 Int+5} (lightly wounded, very poisoned, slow,
                  | chance to affect: 0%)
 10742 | Lair:1   | Aim: Gastronok, wearing the +3 hat of Pondering {ponderous,
                  | Will+ MP+10 Int+5} (lightly wounded, very poisoned, slow,
                  | ally target)
 10742 | Lair:1   | Aim: Gastronok, wearing the +3 hat of Pondering {ponderous,
                  | Will+ MP+10 Int+5} (lightly wounded, very poisoned, slow,
                  | ally target)
 10752 | Lair:1   | Killed Gastronok
 10753 | Lair:1   | Reached skill level 10 in Fighting
 10827 | Lair:1   | Reached skill level 6 in Stealth
 10837 | Lair:1   | Learned a level 4 spell: Iskenderun's Mystic Blast
 10945 | Lair:1   | Noticed a seven-headed hydra
 10952 | Lair:1   | Noticed a six-headed hydra
 10960 | Lair:1   | Killed a six-headed hydra
 10976 | Lair:1   | Killed a seven-headed hydra
 10977 | Lair:1   | Reached skill level 1 in Conjurations
 10977 | Lair:1   | Reached skill level 1 in Translocations
 11095 | Lair:1   | Found a transporter.
 11102 | Lair:1   | Noticed siradein's ghost (journeyman DgEE)
 11245 | Lair:1   | Found a transporter.
 11703 | Lair:2   | Reached skill level 2 in Conjurations
 11750 | Lair:2   | Found a staircase to the Snake Pit.
 11754 | Lair:2   | You pick up a book of Transfigurations and begin reading...
 11754 | Lair:2   | You add the spells Irradiate, Blade Hands and Dragon Form
                  | to your library.
 11798 | Lair:2   | Found a staircase to the Shoals.
 11801 | Lair:2   | Reached skill level 2 in Translocations
 11852 | Lair:2   | Noticed a death yak
 12199 | Lair:2   | Reached skill level 3 in Translocations
 12199 | Lair:2   | Reached XP level 13. HP: 93/93 MP: 20/20
 12203 | Lair:2   | Reached skill level 3 in Conjurations
 12260 | Lair:2   | Reached skill level 11 in Dodging
 12338 | Lair:2   | Reached skill level 11 in Long Blades
 12658 | Lair:3   | Reached skill level 10 in Invocations
 12725 | Lair:3   | Noticed an ice dragon
 12953 | Lair:3   | Reached skill level 11 in Fighting
 12953 | Lair:3   | Reached skill level 4 in Conjurations
 12953 | Lair:3   | Reached skill level 4 in Translocations
 13242 | Lair:3   | Learned a level 5 spell: Irradiate
 13370 | Lair:3   | Killed an ice dragon
 13373 | Lair:3   | Reached skill level 1 in Transmutations
 14122 | Lair:4   | Reached skill level 2 in Transmutations
 14205 | Lair:4   | Reached skill level 5 in Conjurations
 14205 | Lair:4   | Reached skill level 5 in Translocations
 14355 | Lair:4   | Reached skill level 3 in Transmutations
 14514 | Lair:4   | Reached XP level 14. HP: 101/101 MP: 21/21
 14514 | Lair:4   | You pick up a book of Spectacle and begin reading...
 14610 | Lair:4   | Noticed Rupert
 14918 | Lair:4   | Noticed Sonja
 14923 | Lair:4   | Killed Sonja
 15128 | Lair:5   | Entered Level 5 of the Lair of Beasts
 15221 | Lair:5   | Reached skill level 4 in Transmutations
 15438 | Lair:5   | Reached skill level 12 in Dodging
 15582 | Lair:5   | Found a runed translucent door.
 15582 | Lair:5   | Found a viscous altar of Jiyva.
 15583 | Lair:5   | Found a staircase to the Slime Pits.
 15589 | Lair:5   | Reached skill level 6 in Conjurations
 15632 | Lair:5   | Reached skill level 5 in Transmutations
 15642 | Lair:5   | HP: 25/102 [death yak (13)]
 15644 | Lair:5   | Reached skill level 12 in Fighting
 16267 | Lair:5   | Noticed a dire elephant
 16271 | Lair:5   | Noticed a dire elephant
 16285 | Lair:5   | Noticed a dire elephant
 16285 | Lair:5   | Noticed a dire elephant
 16306 | Lair:5   | Killed a dire elephant
 16308 | Lair:5   | Killed a dire elephant
 16647 | Lair:5   | Reached skill level 7 in Conjurations
 16657 | Lair:5   | Reached skill level 6 in Transmutations
 17311 | Lair:5   | Killed a dire elephant
 17347 | Lair:5   | Killed a dire elephant
 17515 | Lair:5   | You pick up a book of Geomancy and begin reading...
 18437 | D:11     | You pick up a book of Weapons and begin reading...
 18443 | D:11     | Identified the +0 robe of Syndicalism {rN++}
 18557 | D:11     | Found a staircase to the Orcish Mines.
 18708 | D:12     | Reached skill level 7 in Transmutations
 18768 | D:12     | Reached skill level 8 in Conjurations
 18768 | D:12     | Reached XP level 15. HP: 55/109 MP: 22/22
 18801 | D:12     | Found a frozen archway.
 18927 | IceCv    | Entered an ice cave
 18986 | IceCv    | Reached skill level 1 in Spellcasting
 19623 | IceCv    | Reached skill level 2 in Spellcasting
 19887 | IceCv    | Reached skill level 8 in Transmutations
 20027 | IceCv    | Found a viscous altar of Jiyva.
 20027 | IceCv    | Noticed an azure jelly
 20037 | IceCv    | Killed an azure jelly
 20076 | IceCv    | Noticed an azure jelly
 20084 | IceCv    | Killed an azure jelly
 20132 | IceCv    | Identified the amulet "Juskixonee" {Faith Harm Int+6
                  | Stlth-}
 20145 | IceCv    | Got the ring of Goitt {Ice Str+7 Int+2}
 21233 | D:12     | Upgraded the game from 0.29-a0-1019-g84f7d21838 to
                  | 0.29-a0-1023-g6ae1a4a2c7
 21233 | D:12     | magus.rc [v1.11.3]
 21360 | D:13     | magus.rc [v1.11.3]
 21462 | D:13     | Found a transporter.
 21464 | D:13     | Noticed frimble's ghost (journeyman DsEE)
 21465 | D:13     | Identified the +12 great mace "Roine" {drain, *Noise rC+
                  | rN+++ Int-5}
 21465 | D:13     | Identified the +6 giant spiked club "Pemiokhleur" {holy,
                  | rN+ rCorr Str+3 Dex+3}
 21498 | D:13     | Found a transporter.
 21524 | D:13     | Reached skill level 3 in Spellcasting
 21530 | D:13     | Reached skill level 13 in Dodging
 21772 | D:13     | Noticed Jorgrun
 22132 | Orc:1    | Entered Level 1 of the Orcish Mines
 22132 | Orc:1    | Noticed Snorg
 22137 | Orc:1    | Killed Snorg
 22576 | Orc:1    | Reached skill level 9 in Transmutations
 22778 | Orc:2    | Entered Level 2 of the Orcish Mines
 23120 | Orc:2    | Found a staircase to the Elven Halls.
 23229 | Orc:2    | Found Orecup's Magic Scroll Boutique.
 23351 | Orc:2    | Found Befayfod's Jewellery Shoppe.
 23359 | Orc:2    | Reached skill level 12 in Long Blades
 23371 | Orc:2    | Reached skill level 13 in Fighting
 23760 | Orc:2    | Found Toazxo's General Store.
 23889 | Orc:2    | Found Noutz's Magic Scroll Shoppe.
 23918 | Orc:2    | Reached skill level 4 in Spellcasting
 24212 | Orc:2    | Bought a scroll of blinking for 90 gold pieces
 24244 | Orc:2    | Bought the ring "Suxtu" {Fire +Blink rElec rCorr Dex+2} for
                  | 669 gold pieces
 24244 | Orc:2    | Bought a +4 ring of protection for 432 gold pieces
 24837 | D:14     | Reached skill level 10 in Transmutations
 25224 | D:14     | Reached XP level 16. HP: 102/117 MP: 23/23
 25583 | D:14     | Found a gate to the Vaults.
 26086 | D:15     | Entered Level 15 of the Dungeon
 26164 | D:15     | Gained mutation: Your magical capacity is low. (-10% MP) [a
                  | neqoxec]
 26280 | D:15     | Found a staircase to the Depths.
 26332 | D:15     | Reached skill level 5 in Spellcasting
 26534 | D:15     | Reached skill level 11 in Transmutations
 26711 | D:15     | Found a glowing golden altar of the Shining One.
 26738 | D:15     | You add the spells Conjure Ball Lightning and Ignition to
                  | your library.
 26738 | D:15     | Got the Book of Lethal Pyromania
 26791 | D:15     | Learned a level 7 spell: Dragon Form
 26912 | D:15     | HP: 12/117 [skeletal warrior/+0 halberd[a death knight]
                  | (28)]
 27957 | Snake:1  | Entered Level 1 of the Snake Pit
 28038 | Snake:1  | HP: 27/117 [naga mage/splash of poison (9)]
 28041 | Snake:1  | HP: 12/117 [poisoned by a naga mage (bolt of poison)]
 28041 | Snake:1  | Killed from afar by a naga mage

Vanquished Creatures
  Gastronok (Lair:1)
  2 azure jellies (IceCv)
  A stone giant (D:15)
  3 quicksilver oozes (IceCv)
  4 dire elephants (Lair:5)
  Snorg (Orc:1)
  A yaktaur captain (D:14)
  7 hydras
  6 boulder beetles
  An ice dragon (Lair:3)
  A rakshasa (D:14)
  A death knight (D:15)
  5 centaur warriors
  4 two-headed ogres
  20 death yaks
  2 tengu warriors (D:13)
  2 sun demons (D:15)
  Sonja (Lair:4)
  2 spectral death yaks (Lair:5)
  A skeletal warrior (D:15)
  A sixfirhy (D:15)
  A naga ritualist (Snake:1)
  9 orc knights (Orc:2)
  A spectral anaconda (Lair:5)
  2 wizards (D:14)
  2 deep elf pyromancers (D:13)
  A mana viper (Snake:1)
  3 necromancers (Lair:5)
  An orc sorcerer (Orc:1)
  6 cyclopes
  A guardian serpent (Snake:1)
  2 merfolk sirens (Lair:2)
  4 ice statues
  11 elephants
  8 black mambas
  3 smoke demons (D:15)
  A gargoyle (D:11)
  A naga mage (Snake:1)
  A rust devil (D:15)
  7 cane toads
  A dire elephant skeleton (Lair:5)
  An orange demon (D:15)
  2 kobold demonologists
  3 rime drakes
  2 hellwings (D:15)
  2 yaktaurs (D:14)
  9 komodo dragons
  A freezing wraith (D:15)
  2 anaconda simulacra (Lair:3)
  4 ice devils
  3 red devils (D:15)
  A hornet (D:9)
  3 polar bears
  19 slime creatures
  5 trolls
  7 blink frogs
  2 centaur simulacra
  3 wraiths
  A shadow (D:11)
  2 wyverns
  43 yaks
  2 basilisks
  3 chaos spawn (D:15)
  2 steam dragons
  3 vampire mosquitoes (D:13)
  4 neqoxecs (D:15)
  2 death yak simulacra (Lair:5)
  A human (shapeshifter) (D:15)
  7 nagas
  6 wargs
  A spectral cane toad (Lair:5)
  An acid dragon (D:10)
  8 water moccasins
  An ice beast (D:12)
  35 orc warriors
  2 sky beasts
  2 black bears
  3 elephant zombies (Lair:5)
  9 ogres
  15 wolves
  A great orb of eyes simulacrum (IceCv)
  4 boggarts (D:15)
  10 centaurs
  2 elephant skeletons (Lair:5)
  5 slime creature simulacra (IceCv)
  2 phantoms
  23 kobold brigands
  9 bullfrogs
  A necrophage (D:6)
  4 glowing shapeshifter simulacra (IceCv)
  2 gnoll sergeants
  2 cane toad simulacra
  3 two-headed ogre simulacra (Lair:3)
  A scorpion (D:7)
  3 wights (D:9)
  2 elephant simulacra (Lair:5)
  18 killer bees
  7 howler monkeys
  11 electric eels
  3 lava snakes (Lair:3)
  A jelly (D:6)
  6 hounds
  15 orc priests
  2 gnoll boudas
  5 iguanas
  7 hell rats (Lair:2)
  18 orc wizards
  5 shapeshifter simulacra (IceCv)
  A boggart simulacrum (D:15)
  33 gnolls
  5 adders
  2 shadow imps
  2 white imps (D:12)
  2 ufetubi (D:5)
  A worm (D:2)
  3 dart slugs (D:1)
  104 orcs
  3 bats
  5 endoplasms
  12 giant cockroaches
  8 goblins
  4 hobgoblins
  7 jackals
  6 quokkas
  5 ball pythons
  2 frilled lizards
  11 kobolds
  6 rats
749 creatures vanquished.

Vanquished Creatures (collateral kills)
  Maggie (D:9)
  A steam dragon (D:9)
2 creatures vanquished.

Vanquished Creatures (others)
  A naga (Snake:1)
  A boggart (D:15)
  A bush (Lair:4)
  6 demonic plants (D:15)
  14 fungi
  17 plants
  14 withered plants (Lair:5)
54 creatures vanquished.

Grand Total: 805 creatures vanquished

Table legend:
 A = Non-vault XP
 B = Vault XP
 C = Vault XP percentage of total XP
 D = Non-vault monster count
 E = Vault monster count
 F = Vault count percentage of total count
                 A         B        C        D         E       F
            +---------+---------+-------+---------+---------+-------
      Total |   91775 |   58850 |  39.1 |     477 |     276 |  36.7
            +---------+---------+-------+---------+---------+-------
        D:1 |      40 |       0 |   0.0 |      19 |       0 |   0.0
        D:2 |      34 |       0 |   0.0 |      20 |       0 |   0.0
        D:3 |      19 |      18 |  48.6 |       4 |       9 |  69.2
        D:4 |     296 |       2 |   0.7 |      30 |       1 |   3.2
        D:5 |     784 |       0 |   0.0 |      28 |       0 |   0.0
        D:6 |    1016 |      46 |   4.3 |      17 |       2 |  10.5
        D:7 |    1378 |       0 |   0.0 |      28 |       0 |   0.0
        D:8 |    1562 |     462 |  22.8 |      29 |       8 |  21.6
        D:9 |    1651 |     409 |  19.9 |      11 |       1 |   8.3
       D:10 |    4744 |    2438 |  33.9 |      26 |      23 |  46.9
       D:11 |    5081 |     673 |  11.7 |      16 |      21 |  56.8
       D:12 |    5545 |     602 |   9.8 |      16 |       5 |  23.8
       D:13 |    4184 |       0 |   0.0 |       8 |       0 |   0.0
       D:14 |    8435 |    1657 |  16.4 |      20 |       3 |  13.0
       D:15 |    6637 |    9104 |  57.8 |      17 |      23 |  57.5
     Lair:1 |    5095 |    1530 |  23.1 |      19 |       2 |   9.5
     Lair:2 |    8829 |    1548 |  14.9 |      33 |       6 |  15.4
     Lair:3 |    4940 |    5153 |  51.1 |      16 |      23 |  59.0
     Lair:4 |    7454 |     778 |   9.5 |      17 |       1 |   5.6
     Lair:5 |   15110 |   13760 |  47.7 |      39 |      30 |  43.5
    Snake:1 |    3773 |       0 |   0.0 |      10 |       0 |   0.0
      Orc:1 |    2239 |     939 |  29.5 |      34 |       1 |   2.9
      Orc:2 |    1619 |    8602 |  84.2 |      15 |      61 |  80.3
     Bailey |       0 |     272 | 100.0 |       0 |      23 | 100.0
      IceCv |    1310 |   10857 |  89.2 |       5 |      33 |  86.8
            +---------+---------+-------+---------+---------+-------

Illustrated notes

Table legend:
 A = Kills in this place as a percentage of kills in entire the game.
 B = Kills by you in this place as a percentage of kills by you in the entire game.
 C = Kills by friends in this place as a percentage of kills by friends in the entire game.
 D = Other kills in this place as a percentage of other kills in the entire game.
 E = Experience gained in this place as a percentage of experience gained in the entire game.
 F = Experience gained in this place divided by the number of levels of this place that you have seen.
                   A       B       C       D       E      F
               +-------+-------+-------+-------+-------+----------------------
         Total | 100.0 | 100.0 | 100.0 | 100.0 | 100.0 | 5793.3
       Dungeon |  51.1 |  51.0 | 100.0 |  50.0 |  37.7 | 3787.8
          Lair |  24.7 |  24.8 |   0.0 |   0.0 |  42.6 | 12839.4
     Snake Pit |   1.3 |   1.2 |   0.0 |  50.0 |   2.5 | 3773.0
  Orcish Mines |  14.7 |  14.8 |   0.0 |   0.0 |   8.9 | 6699.5
        Bailey |   3.1 |   3.1 |   0.0 |   0.0 |   0.2 | 272.0
      Ice Cave |   5.0 |   5.1 |   0.0 |   0.0 |   8.1 | 12167.0
               +-------+-------+-------+-------+-------+----------------------

Table legend: (Time is in decaauts)
 A = Elapsed time spent in this place.
 B = Non-inter-level travel time spent in this place.
 C = Inter-level travel time spent in this place.
 D = Time resting spent in this place.
 E = Time spent auto-exploring this place.
 F = Levels seen in this place.
 G = Mean time per level.
                   A        B        C        D        E       F      G
               +--------+--------+--------+--------+--------+-----+--------+
         Total |  41296 |  38769 |   2527 |   5092 |  26348 |  26 | 1588.3 |
       Dungeon |  23535 |  21730 |   1805 |   3478 |  14216 |  15 | 1569.0 |
        Temple |     54 |     54 |      0 |      0 |     28 |   1 |   54.0 |
          Lair |  12173 |  11717 |    456 |    900 |   8991 |   5 | 2434.6 |
     Snake Pit |    114 |    114 |      0 |      0 |     68 |   1 |  114.0 |
  Orcish Mines |   2950 |   2685 |    265 |    279 |   1874 |   2 | 1475.0 |
        Bailey |    722 |    722 |      0 |     82 |    344 |   1 |  722.0 |
      Ice Cave |   1746 |   1746 |      0 |    352 |    826 |   1 | 1746.0 |
               +--------+--------+--------+--------+--------+-----+--------+

Top non-repeatable levels by time:
  Lair:5: 4341 daAuts
    D:14: 3014 daAuts
    D:15: 2604 daAuts
  Lair:3: 2334 daAuts
    D:10: 2253 daAuts
    D:11: 2252 daAuts
    D:12: 2211 daAuts
   Orc:2: 2057 daAuts
  Lair:4: 2009 daAuts
  Lair:2: 1971 daAuts
   IceCv: 1746 daAuts
     D:9: 1660 daAuts
  Lair:1: 1515 daAuts
    D:13: 1460 daAuts
     D:7: 1439 daAuts
